 Dungeon Crawl Stone Soup version 0.30.0-5-g1a98f26d00 (webtiles) character file.

Game seed: 11768383728336748808

21 Sleet the Magician (level 2, 15/15 HPs)
             Began as a Deep Elf Air Elementalist on May 8, 2023.
             Quit the game on level 1 of the Dungeon.
             The game lasted 00:00:56 (939 turns).

Sleet the Magician (Deep Elf Air Elementalist)       Turns: 939, Time: 00:00:56

Health: 15/15      AC:  2    Str:  5    XL:     2   Next: 65%
Magic:  8/8        EV: 13    Int: 19    God:
Gold:   59         SH:  0    Dex: 15    Spells: 6/7 levels left

rFire   . . .        (no weapon)
rCold   . . .        (no shield)
rNeg    . . .        a - +0 robe
rPois   .            (no helmet)
rElec   .            (no cloak)
rCorr   .            (no gloves)
SInv    .            (no boots)
Will    .....        (no amulet)
Stlth   ++           (no ring)
HPRegen 0.22/turn    (no ring)
MPRegen 0.11/turn

%: no passive effects
@: no status effects
A: no striking features
a: no special abilities


You were on level 1 of the Dungeon.
You visited 1 branch of the dungeon, and saw 1 of its levels.

You collected 59 gold pieces.

Inventory:

Armour
 a - a +0 robe (worn)
Scrolls
 c - a scroll of poison {unknown}
 d - a scroll of vulnerability {unknown}
Potions
 b - a potion of magic
 e - a potion of haste {unknown}


   Skills:
 + Level 2.8 Dodging
 + Level 2.8 Stealth
 + Level 3.3 Spellcasting
 + Level 1.6 Conjurations
 + Level 3.2 Air Magic


You had 6 spell levels left.
You knew the following spells:

 Your Spells              Type           Power      Damage    Failure   Level
a - Shock                 Conj/Air       48%        1d6       5%          1

Your spell library contained the following spells:

 Spells                   Type           Power      Damage    Failure   Level
 Static Discharge         Conj/Air       24%        2-3/arc   9%          2
 Swiftness                Air            15%        N/A       12%         3
 Cigotuvi's Dreadful Rot  Necr/Pois/Air  14%        N/A       14%         2
 Airstrike                Air            7%         2d(2-18)  36%         4
 Ignite Poison            Fire/Tmut/Pois 3%         N/A       41%         3
 Cause Fear               Hex            1%         N/A       82%         4
 Freezing Cloud           Conj/Ice/Air   4%         6-21      91%         5
 Dragon Form              Tmut           1%         N/A       100%        7
 Dragon's Call            Summ           1%         N/A       100%        9


Dungeon Overview and Level Annotations

Branches:
Dungeon (1/15)

Altars:


Message History

You can't see any susceptible monsters within range! (Use Z to cast anyway.)
You can't see any susceptible monsters within range! (Use Z to cast anyway.)
You see here a +0 dagger.
You see here a rat corpse.
Found a stone staircase leading down.
You see here a +0 robe.
You see here a +0 short sword.
A dart slug comes into view.
A dart slug is nearby!
A dart slug is nearby!
A dart slug is nearby!
A dart slug is nearby!
A dart slug is nearby!
The zap hits the dart slug.
The dart slug is lightly wounded.
The zap hits the dart slug.
The dart slug is heavily wounded.
The dart slug launches a dart at you. The slug dart hits you.
The zap hits the dart slug.
The dart slug is severely wounded.
You miscast Shock.
You are very lightly contaminated with residual magic.
Nothing appears to happen.
The zap hits the dart slug.
The dart slug is almost dead.
The dart slug launches a dart at you. The slug dart hits you.
The zap hits the dart slug.
You kill the dart slug!
You can't see any susceptible monsters within range! (Use Z to cast anyway.)
Your magical contamination has completely faded away.
Done exploring.
Done exploring.
Done exploring.
Done exploring.
Done exploring.
No target in view!
You can't see any susceptible monsters within range! (Use Z to cast anyway.) Are you sure you want to abandon this character and quit the game? (Confirm with "yes".)

#.############.##....#
#..............##....#
##############################
#.................
#.################ #.# #.# #.#
#@# #.# #.# #.# #.# #.# #.#
###


There were no monsters in sight!

Vanquished Creatures
  A dart slug (D:1)
  5 goblins (D:1)
  A hobgoblin (D:1)
  3 jackals (D:1)
  3 kobolds (D:1)
  A quokka (D:1)
  A rat (D:1)
15 creatures vanquished.

Notes
Turn   | Place    | Note
-------+----------+-------------------------------------------
     0 | D:1      | Sleet the Deep Elf Air Elementalist began the quest for the
                  | Orb.
     0 | D:1      | Reached XP level 1. HP: 10/10 MP: 6/6
   178 | D:1      | Reached XP level 2. HP: 11/15 MP: 0/8
   939 | D:1      | Quit the game

Illustrated notes

Levels and vault maps discovered:
D:1:      amcnicky_arrival_wind_blow, layout_basic

Action                     || total
---------------------------++-------
   Cast: Shock             ||    33
  Dodge: Dodged            ||     7
